 Dungeon Sprint DCSS version 0.17-a0-1468-gbf503c2 (webtiles) character file.

3403 pulse the Fighter (level 10, -2/90 HPs)
             Began as a Formicid Fighter on July 1, 2015.
             Was the Champion of Trog.
             Slain by a death yak (22 damage)
             ... in the Dungeon (Sprint IX: "|||||||||||||||||||||||||||||").
             The game lasted 00:02:21 (934 turns).

pulse the Fighter (Formicid Fighter)                 Turns: 934, Time: 00:02:21

Health: -2/90      AC: 13    Str: 31    XL:     10   Next: 24%
Magic:  3/3        EV: 12    Int:  9    God:    Trog [******]
Gold:   15         SH: 14    Dex: 13    Spells: 0 memorised, 9 levels left

rFire  . . .     SeeInvis +     v - +6 falchion (antimagic)
rCold  . . .     Clarity  .     o - +1 chain mail
rNeg   . . .     SustAt   .     c - +0 shield
rPois  .         Gourm    .     (helmet unavailable)
rElec  .         Spirit   .     (no cloak)
rCorr  .         Warding  .     (no gloves)
rMut   .         Stasis   +     (no boots)
MR     +....                    (no amulet)
Stlth  ..........               q - +3 ring of strength
                                p - +3 ring of dexterity

@: mighty, somewhat resistant to hostile enchantments, extremely unstealthy
A: permanent stasis, dig shafts and tunnels, four strong arms, antennae 3
a: Dig, Burn Spellbooks, Trog's Hand, Brothers in Arms, Renounce Religion


You were in the Dungeon.
You worshipped Trog.
Trog was exalted by your worship.
You were hungry.

You visited 1 branch You collected 15 gold pieces.

Inventory:

Hand weapons
 v - a +6 antimagic falchion (weapon)
Armour
 c - a +0 shield (worn)
 o - a +1 chain mail (worn)
Jewellery
 p - a +3 ring of dexterity (left hand)
 q - a +3 ring of strength (right hand)
 t - an uncursed ring of protection from fire
Magical devices
 n - a wand of draining (7)
Scrolls
 k - 2 scrolls of blinking
 m - 6 scrolls of remove curse
 u - 4 scrolls of fog
Potions
 b - a potion of resistance
 f - 5 potions of curing
 h - a potion of haste
 i - 4 potions of magic
 j - a potion of berserk rage
 l - a potion of invisibility
 s - 2 potions of cure mutation
Comestibles
 e - a bread ration


   Skills:
 + Level 12.5 Fighting
 * Level 12.2 Long Blades
 + Level 11.8 Armour
 + Level 6.2 Dodging
 + Level 0.3 Stealth
 + Level 11.7 Shields


You had 9 spell levels left.
You didn't know any spells.

Dungeon Overview and Level Annotations

Branches:
Dungeon (1/1)

Altars:
Cheibriados
Dithmenos
Elyvilon
Fedhas
Gozag
Kikubaaqudgha
Makhleb
Nemelex Xobeh
Okawaru
Qazlal
Ru
Sif Muna
Trog
Vehumet
Xom
Yredelemnul
Zin
The Shining One
Beogh
Jiyva
Lugonu


Innate Abilities, Weirdness & Mutations

You are under a permanent stasis effect.
You can dig through walls and to a lower floor.
Your four strong arms can wield two-handed weapons with a shield.
You have a pair of large antennae on your head (SInv).


Message History

You are too injured to fight recklessly!
You are too injured to fight recklessly!
You are too injured to fight recklessly!
You are too injured to fight recklessly!
You are too injured to fight recklessly!
You are too injured to fight recklessly!
You are too injured to fight recklessly!
You are too injured to fight recklessly!
You are too injured to fight recklessly!
You are too injured to fight recklessly!
You are too injured to fight recklessly!
You are too injured to fight recklessly!
You are too injured to fight recklessly!
You are too injured to fight recklessly!
You are too injured to fight recklessly!
You are too injured to fight recklessly!
You are too injured to fight recklessly!
Drink which item? (? for menu, Esc to quit)
You feel better. The death yak gores you!!
You die... {{{ {{{{{{{{{{{{ {{{{{ { { { {{{{

{ ▓▓▓▓▓▓▓▓▓▓▓▓▓▓▓▓▓▓▓▓▓▓▓▓
.......†...)....@YYYYYYYY{
▓▓▓▓▓▓▓▓▓▓▓▓▓▓▓▓▓▓▓▓▓▓▓▓▓▓▓▓▓▓▓▓▓
.................................
▓▓▓▓▓▓▓▓▓▓▓▓▓▓▓▓▓▓▓▓▓▓▓▓▓▓▓▓▓▓▓▓▓
_______________'.?|[[[...)......)
▓▓▓▓▓▓▓▓▓▓▓▓▓▓▓▓▓▓▓▓▓▓▓▓▓▓▓▓▓▓▓▓▓


You could see 5 death yaks and 2 yaks.

Vanquished Creatures
  A death yak (D)
  An unseen horror (D)
  An efreet (D)
  A blink frog (D)
  5 yaks (D)
  A hungry ghost (D)
  2 hippogriffs (D)
  2 porcupines (D)
  A necrophage (D)
  2 crocodiles (D)
  2 giant frogs (D)
  An orc wizard (D)
  A hound (D)
  3 iguanas (D)
  An adder (D)
  2 river rats (D)
  2 orcs (D)
  A hobgoblin (D)
  A ball python skeleton (D)
  A goblin (D)
  6 kobolds (D)
  2 rats (D)
40 creatures vanquished.

Vanquished Creatures (others)
  A quokka skeleton (D)
1 creature vanquished.

Grand Total: 41 creatures vanquished

Notes
Turn   | Place    | Note
--------------------------------------------------------------
     0 | D        | pulse the Formicid Fighter began the quest for the Orb.
     0 | D        | Reached XP level 1. HP: 18/18 MP: 1/1
    24 | D        | Reached skill level 4 in Shields
    34 | D        | Reached XP level 2. HP: 21/25 MP: 2/2
    52 | D        | Found a glowing silver altar of Zin.
    52 | D        | Found a glowing golden altar of the Shining One.
    52 | D        | Found an ancient bone altar of Kikubaaqudgha.
    52 | D        | Found a basalt altar of Yredelemnul.
    52 | D        | Found a shimmering altar of Xom.
    52 | D        | Found a radiant altar of Vehumet.
    53 | D        | Found an iron altar of Okawaru.
    54 | D        | Found a burning altar of Makhleb.
    55 | D        | Found a deep blue altar of Sif Muna.
    56 | D        | Found a bloodstained altar of Trog.
    57 | D        | Found a sparkling altar of Nemelex Xobeh.
    58 | D        | Found a white marble altar of Elyvilon.
    59 | D        | Found a roughly hewn altar of Beogh.
    60 | D        | Found a viscous altar of Jiyva.
    61 | D        | Found a corrupted altar of Lugonu.
    62 | D        | Found a blossoming altar of Fedhas.
    63 | D        | Found a snail-covered altar of Cheibriados.
    64 | D        | Found a shadowy altar of Dithmenos.
    66 | D        | Became a worshipper of Trog the Wrathful
    68 | D        | Found a stormy altar of Qazlal.
    69 | D        | Found an opulent altar of Gozag.
    70 | D        | Found a sacrificial altar of Ru.
   120 | D        | Noticed a necrophage
   120 | D        | Noticed a yak
   120 | D        | Noticed a hungry ghost
   128 | D        | Killed a necrophage
   128 | D        | Reached skill level 6 in Fighting
   128 | D        | Reached skill level 5 in Armour
   128 | D        | Reached skill level 1 in Dodging
   128 | D        | Reached XP level 3. HP: 30/35 MP: 3/3
   128 | D        | Reached XP level 4. HP: 35/41 MP: 4/4
   128 | D        | Reached XP level 5. HP: 40/47 MP: 5/5
   152 | D        | Killed a yak
   152 | D        | Acquired Trog's first power
   152 | D        | Reached skill level 8 in Fighting
   152 | D        | Reached skill level 5 in Long Blades
   152 | D        | Reached XP level 6. HP: 28/56 MP: 6/6
   157 | D        | Killed a hungry ghost
   157 | D        | Reached skill level 9 in Fighting
   157 | D        | Reached XP level 7. HP: 32/64 MP: 7/7
   315 | D        | Noticed an orc wizard
   315 | D        | Noticed an efreet
   315 | D        | Noticed a hound
   315 | D        | Noticed an unseen horror
   317 | D        | Killed an orc wizard
   317 | D        | Acquired Trog's second power
   323 | D        | Killed an efreet
   323 | D        | Reached skill level 10 in Fighting
   325 | D        | Killed a hound
   332 | D        | Killed an unseen horror
   332 | D        | Reached skill level 11 in Fighting
   332 | D        | Reached skill level 5 in Dodging
   332 | D        | Reached skill level 10 in Shields
   332 | D        | Reached XP level 8. HP: 31/75 MP: 8/8
   555 | D        | Noticed an iguana
   555 | D        | Noticed a hippogriff
   555 | D        | Noticed a giant frog
   555 | D        | Noticed a yak
   555 | D        | Noticed an iguana
   555 | D        | Noticed a porcupine
   556 | D        | Killed an iguana
   558 | D        | Noticed a crocodile
   564 | D        | Killed a hippogriff
   564 | D        | Reached skill level 10 in Armour
   568 | D        | Killed a giant frog
   568 | D        | Reached XP level 9. HP: 58/81 MP: 9/9
   580 | D        | Killed a yak
   580 | D        | Acquired Trog's third power
   585 | D        | Killed an iguana
   586 | D        | Killed a porcupine
   588 | D        | Killed a crocodile
   658 | D        | Noticed an iguana
   665 | D        | Killed an iguana
   813 | D        | Noticed a porcupine
   813 | D        | Noticed a hippogriff
   813 | D        | Noticed a yak
   813 | D        | Noticed a crocodile
   813 | D        | Noticed a yak
   818 | D        | Noticed a giant frog
   818 | D        | Killed a porcupine
   818 | D        | Reached skill level 10 in Long Blades
   825 | D        | Noticed a blink frog
   825 | D        | Killed a hippogriff
   833 | D        | Killed a yak
   837 | D        | Received a gift from Trog
   839 | D        | Killed a crocodile
   843 | D        | Killed a yak
   843 | D        | Reached skill level 12 in Fighting
   851 | D        | Killed a giant frog
   861 | D        | Noticed a yak
   870 | D        | Killed a blink frog
   873 | D        | Killed a yak
   873 | D        | Reached XP level 10. HP: 41/89 MP: 10/10
   899 | D        | Noticed a death yak
   899 | D        | Noticed a yak
   899 | D        | Noticed a death yak
   899 | D        | Noticed a death yak
   899 | D        | Noticed a death yak
   899 | D        | Noticed a yak
   900 | D        | Noticed a death yak
   907 | D        | Noticed a death yak
   926 | D        | Killed a death yak
   934 | D        | Slain by a death yak

Vault maps used:
D:        linesprint

Action                   |  1- 3 |  4- 6 |  7- 9 | 10-12 || total
-------------------------+-------+-------+-------+-------++-------
Melee: Long sword        |    34 |       |       |       ||    34
       Scimitar          |     8 |    27 |   114 |       ||   149
       Falchion          |       |       |       |    31 ||    31
  Use: Potion            |       |     2 |     1 |     4 ||     7
